Replay - 16-01-06 [ZvP] STANDARD 1 STARGATE

Build Order

Get SALT Encoding   

  12  0:03  Probe (Chrono Boost)  
  13  0:13  Probe (Chrono Boost)  
  14  0:19  Pylon  
  14  0:24  Probe (Chrono Boost)  
  15  0:37  Probe (Chrono Boost)  
  15  0:38  Gateway  
  16  0:43  Assimilator  
  16  0:48  Probe (Chrono Boost)  
  17  0:58  Probe (Chrono Boost)  
  18  1:10  Probe (Chrono Boost)  
  19  1:18  Nexus  
  19  1:28  Cybernetics Core  
  19  1:31  Probe (Chrono Boost)  
  20  1:37  Assimilator  
  20  1:41  Probe (Chrono Boost)  
  21  1:49  Pylon  
  21  1:52  Probe (Chrono Boost)  
  22  2:02  Probe (Chrono Boost)  
  22  2:08  Warp Gate  
  25  2:09  Stalker (Chrono Boost)  
  25  2:13  Probe  
  26  2:25  Probe  
  26  2:29  Probe  
  27  2:33  Stargate  
  28  2:37  Probe  
  28  2:38  Adept (Chrono Boost)  
  28  2:40  Probe  
  32  2:50  Probe x2  
  34  3:01  Probe  
  34  3:02  Mothership Core (Chrono Boost)  
  34  3:04  Adept (Chrono Boost)  
  39  3:09  Pylon  
  39  3:14  Probe (Chrono Boost), Phoenix  
  42  3:22  Probe (Chrono Boost)  
  42  3:26  Probe (Chrono Boost)  
  44  3:33  Probe (Chrono Boost)  
  45  3:35  Phoenix  
  45  3:38  Probe (Chrono Boost)  
  48  3:43  Probe (Chrono Boost)  
  49  3:49  Nexus  
  49  3:51  Probe (Chrono Boost)  
  49  3:54  Probe (Chrono Boost)  
  51  3:58  Pylon  
  51  4:00  Phoenix  
  52  4:03  Probe (Chrono Boost)  
  52  4:08  Pylon  
  54  4:16  Probe (Chrono Boost)  
  55  4:20  Gateway  
  55  4:21  Gateway  
  55  4:22  Probe (Chrono Boost)  
  55  4:24  Phoenix  
  56  4:27  Probe (Chrono Boost)  
  59  4:34  Probe (Chrono Boost)  
  59  4:35  Pylon  
  59  4:38  Probe (Chrono Boost)  
  62  4:46  Probe (Chrono Boost), Twilight Council  
  62  4:48  Probe (Chrono Boost)  
  62  4:51  Robotics Facility  
  63  4:55  Assimilator  
  63  4:58  Probe (Chrono Boost)  
  63  4:59  Probe (Chrono Boost)  
  65  5:00  Assimilator  
  65  5:06  Probe (Chrono Boost)  
  66  5:09  Probe (Chrono Boost), Phoenix  
  66  5:10  Probe (Chrono Boost)  
  70  5:16  Probe (Chrono Boost)  
  70  5:20  Probe (Chrono Boost)  
  73  5:22  Probe (Chrono Boost)  
  73  5:24  Gateway  
  73  5:25  Gateway  
  73  5:27  Probe (Chrono Boost)  
  74  5:30  Probe (Chrono Boost)  
  74  5:33  Probe (Chrono Boost)  
  74  5:34  Gateway  
  74  5:35  Gateway, Charge  
  76  5:37  Probe (Chrono Boost), Immortal (Chrono Boost)  
  76  5:41  Probe (Chrono Boost)  
  82  5:46  Probe (Chrono Boost)  
  82  5:49  Probe (Chrono Boost)  
  84  5:53  Probe (Chrono Boost), Assimilator  
  84  5:54  Assimilator  
  84  5:56  Pylon  
  85  5:59  Gateway  
  85  6:03  Gateway  
  85  6:08  Forge  
  85  6:11  Immortal  
  85  6:12  Probe (Chrono Boost)  
  85  6:14  Probe (Chrono Boost)  
  85  6:16  Probe (Chrono Boost)  
  92  6:20  Pylon  
  92  6:21  Pylon  
  91  6:31  Gateway x2  
  91  6:32  Templar Archives  
  91  6:35  Probe (Chrono Boost)  
  91  6:37  Zealot x4  
  100  6:49  Warp Prism  
  100  6:56  Protoss Ground Weapons Level 1 (Chrono Boost)  
  100  7:02  Zealot x3  
  100  7:03  Zealot x3  
  112  7:09  Pylon  
  112  7:10  Pylon  
  112  7:11  Pylon  
  112  7:12  Pylon  
  112  7:15  Pylon  
  112  7:17  Pylon  
  112  7:22  High Templar x2  
  116  7:27  Archon  
  116  7:31  High Templar x4  
  116  7:32  Zealot x3  
  130  7:37  Archon x2, Blink  
  130  7:40  Observer  
  130  7:43  Probe  
  132  7:51  Pylon  
  132  7:53  Zealot x5  
  132  7:57  Zealot x2  
  146  8:10  Zealot x4  
  154  8:12  Warp Prism  
  146  8:26  Zealot x6  
  146  8:27  High Templar x2, Zealot  
  158  8:34  Nexus  
  158  8:36  Archon  
  158  8:37  Pylon  
  158  8:39  High Templar x2  
  162  8:43  Archon  
  162  8:44  Pylon  
  162  8:46  Pylon  
  162  8:49  High Templar x2  
  162  8:50  Zealot x3  
  162  8:53  Pylon  
  162  8:54  Archon  
  172  9:03  Probe  
  172  9:08  Stalker x4  
  181  9:10  Probe  
  182  9:21  Stalker x5  
  182  9:22  Stalker x2  
  168  9:34  Stalker x4  
Spawning Tool Build Advisor. Get it on Overwolf

Go to:

Details

  • Created by: PeterLiu
  • Published on: Mar 05, 2016
  • Modified on: Mar 05, 2016
  • Patch: Pre-3.8.0
Show
View Real Time Build Order
Export as new Build Order

Comments (0)

There are no comments. Be the first!

Create an account to comment!